 Dungeon Crawl Stone Soup version 0.20-a0-208-g55166f7 (webtiles) character file.

45141 Jraekied the Archer (level 14, 0/108 HPs)
             Began as a Demonspawn Gladiator on Nov 25, 2016.
             Was the Champion of Okawaru.
             Slain by an orc warrior
             ... wielding a +0 short sword
             ... led by an orc warlord
              (22 damage)
             ... on level 2 of the Orcish Mines.
             The game lasted 01:10:50 (17393 turns).

Jraekied the Archer (Demonspawn Gladiator)         Turns: 17393, Time: 01:10:51

Health: 0/108      AC: 16    Str: 16    XL:     14   Next: 0%
Magic:  15/19      EV: 23    Int: 15    God:    Okawaru [******]
Gold:   1890       SH:  0    Dex: 19    Spells: 13/13 levels left

rFire  . . .     SeeInvis .     a - +1 long sword (drain)
rCold  + . .     Gourm    .     G - +3 leather armour of Irolluc {rElec Int+4}
rNeg   . . .     Faith    .     (no shield)
rPois  .         Spirit   .     c - +0 helmet
rElec  +         Reflect  .     I - +1 cloak
rCorr  .         Harm     .     M - +0 pair of gloves of Vyhuhol {+Blink rElec Dex+2}
MR     +....     Clarity  +     U - +0 pair of boots
Stlth  +.........               (no amulet)
                                (no ring)
                                j - +5 ring of evasion

@: about to teleport, finesse
A: hooves 2, slimy green scales 2, clarity, cold resistance 1, powered by death
3, spiny 2
a: Heroism, Finesse, Renounce Religion, Evoke Blink


You were on level 2 of the Orcish Mines.
You worshipped Okawaru.
Okawaru was exalted by your worship.
You were very hungry.

You visited 4 branches of the dungeon, and saw 21 of its levels.
You also visited: Ice Cave.

You collected 1890 gold pieces.

Inventory:

Hand Weapons
 a - a +1 long sword of draining (weapon)
 b - the +10 longbow of Atheism {flame, rElec rC- Int+7 Dex+3}
   (Okawaru gifted it to you on level 2 of the Lair of Beasts)

   It causes projectiles fired from it to burn those they strike, causing extra
   injury to most foes and up to half again as much damage against particularly
   susceptible opponents.
   It affects your intelligence (+7).
   It affects your dexterity (+3).
   It makes you vulnerable to cold.
   It insulates you from electricity.
 R - a +3 vampiric great sword
Missiles
 v - 81 arrows
 D - 4 tomahawks of dispersal
 E - 5 poisoned tomahawks
 H - 35 tomahawks (quivered)
 P - 2 tomahawks of returning
Armour
 c - a +0 helmet (worn)
 d - a +1 scale mail of poison resistance
 G - the +3 leather armour of Irolluc (worn) {rElec Int+4}
   (You found it on level 6 of the Dungeon)

   It affects your intelligence (+4).
   It insulates you from electricity.
 I - a +1 cloak (worn)
 M - the +0 pair of gloves of Vyhuhol (worn) {+Blink rElec Dex+2}
   (You found it on level 7 of the Dungeon)

   It affects your dexterity (+2).
   It insulates you from electricity.
   It lets you blink.
 U - a +0 pair of boots (worn)
Jewellery
 j - a +5 ring of evasion (left hand)
 n - an uncursed ring of poison resistance
 u - a +3 ring of evasion
 x - the ring of Dixzegej {rC+ Int+6}
   (You acquired it on level 5 of the Lair of Beasts)

   [ring of intelligence]

   It affects your intelligence (+6).
   It protects you from cold.
 V - a +5 ring of strength
 W - an uncursed ring of protection from fire
 Z - the ring "Liamyu" {rElec rPois Str+2 Stlth+}
   (You found it on level 5 of the Lair of Beasts)

   [ring of poison resistance]

   It affects your strength (+2).
   It insulates you from electricity.
   It protects you from poison.
   It makes you more stealthy.
Wands
 p - a wand of lightning (4/15)
 K - a wand of digging (11/24)
Scrolls
 e - a scroll of magic mapping
 g - a scroll of identify
 i - a scroll of blinking
 k - a scroll of teleportation
 m - 9 scrolls of remove curse
 F - a scroll of brand weapon
 J - a scroll of fog
Potions
 h - a potion of might
 r - 4 potions of flight
 s - 5 potions of curing
 t - 2 potions of ambrosia
 z - 3 potions of magic
 B - 5 potions of haste
 C - a potion of resistance
 N - a potion of agility
Miscellaneous
 Q - a disc of storms
Comestibles
 f - 7 bread rations
 w - 14 fruits
 A - a meat ration


   Skills:
 - Level 9.2 Fighting
 - Level 10.1 Long Blades
 + Level 12.4 Bows
 - Level 5.4 Throwing
 + Level 6.4 Armour
 - Level 7.9 Dodging
 - Level 7.0 Invocations
 - Level 7.8 Evocations


You had 13 spell levels left.
You didn't know any spells.

Dungeon Overview and Level Annotations

Branches:
Dungeon (12/15)            Temple (1/1) D:5            Lair (6/6) D:9
 Shoals (0/4) Lair:2       Spider (0/4) Lair:2        Slime (0/5) Lair:5
    Orc (2/2) D:12            Elf (0/3) Orc:2

Altars:
Ashenzari
Cheibriados
Dithmenos
Elyvilon
Fedhas
Gozag
Hepliaklqana
Kikubaaqudgha
Makhleb
Nemelex Xobeh
Okawaru
Qazlal
Ru
Sif Muna
Trog
Uskayaw
Vehumet
Xom
Yredelemnul
Zin
The Shining One
Beogh

Annotations:
D:7 exclusion: ice statue
D:8 Erica, Gastronok, Maurice


Innate Abilities, Weirdness & Mutations

You have hoof-like feet.
You are mostly covered in slimy green scales. (AC +3)
Your flesh is cold resistant. (rC+)
You regenerate a lot of health from kills.
You are mostly covered in sharp spines.
You possess an exceptional clarity of mind.


Message History

You drain the orc priest!
The orc priest is moderately wounded.
The orc priest misses you.
You hit the orc priest but do no damage.
The orc priest is heavily wounded.
The orc priest mumbles some strange prayers to Beogh against you.
Beogh smites you! The orc warrior misses you.
You riposte.
You closely miss the orc warrior.
The orc warrior is lightly wounded.
The orc warlord hits you with a long sword of freezing!!
* * * LOW HITPOINT WARNING * * *
As you read the scroll of teleportation, it crumbles to dust.
You feel strangely unstable.
The orc priest is struck by your spines.
The orc priest barely misses you. The orc priest closely misses you.
You riposte.
You slash the orc priest!
The orc priest is almost dead.
The orc warrior is struck by your spines.
The orc warrior hits you with a short sword!!
You die...

### ### ##.## ##.###
#...#####....###
##...#.##(..oo..##
#.....(....oo@...#
##.#.#......o##.##
##........(o.###
##..#...(.)o.##
#...o...((....#
##.#.###)#....### ####
###.#().#.#.##.##
...#####.#...#.)O....#
....#.##.#._.#.#..#.###


You could see an orc warlord, an orc warrior, 2 orc priests and 3 orcs.

Vanquished Creatures
  2 catoblepae
  A hydra (Lair:2)
  The ghost of AlphabetPasta the Arsonist, a journeyman OpFE of Vehumet (Orc:1)
  7 death yaks (Lair:6)
  2 orc high priests
  Nergalle (Lair:1)
  An unseen horror (D:11)
  Pikel (D:6)
  An orc sorcerer (Orc:2)
  2 orc knights
  2 oklob plants (Lair:5)
  The ghost of Aviraven the Basher, a novice DrAE (D:6)
  2 ugly things (IceCv)
  A manticore (D:11)
  2 ice statues (IceCv)
  A black mamba (Lair:6)
  9 spiny frogs
  A gargoyle (D:11)
  3 komodo dragons
  A kobold demonologist (D:11)
  A rime drake (Lair:2)
  2 jumping spiders (Lair:2)
  A troll (Orc:2)
  A merfolk (Lair:2)
  A two-headed ogre (Orc:1)
  A polar bear (Lair:2)
  10 hippogriffs
  9 blink frogs (Lair:3)
  6 dream sheep
  A wraith (D:7)
  2 basilisks
  32 yaks
  3 hungry ghosts
  A steam dragon (Lair:3)
  5 wargs
  Menkaure (D:6)
  10 water moccasins
  Duvessa (D:6)
  12 porcupines
  A soldier ant (D:12)
  25 orc warriors
  4 sky beasts
  13 ice beasts
  2 black bears
  An eye of draining (D:11)
  A necrophage (D:10)
  A phantom (D:6)
  12 ogres
  A centaur (D:7)
  9 wolves (Lair:5)
  11 crocodiles
  17 bullfrogs
  3 big kobolds
  Blork the orc (D:6)
  Dowan (D:6)
  6 scorpions
  A water moccasin skeleton (D:6)
  6 killer bees (D:10)
  15 wights
  2 howler monkeys
  2 electric eels
  3 crimson imps
  2 bullfrog zombies
  3 centaur zombies
  5 hounds
  A quasit (D:11)
  2 jellies
  15 orc priests
  Crazy Yiuf (D:6)
  27 orc wizards
  2 bullfrog skeletons
  2 iguanas
  2 worker ants
  A hound skeleton (D:9)
  11 gnolls
  10 adders
  2 shadow imps
  12 white imps (Lair:3)
  An ooze (D:3)
  An adder skeleton (D:10)
  A dart slug (D:1)
  A leopard gecko (D:1)
  72 orcs
  4 bats
  3 giant cockroaches
  5 goblins
  14 hobgoblins
  2 jackals (D:11)
  23 kobolds
  2 quokkas
  3 frilled lizards
  A giant cockroach zombie (D:6)
  A jackal skeleton (D:4)
  A leopard gecko zombie (D:8)
  A quokka skeleton (D:6)
  6 rats
  A plant (Lair:5)
521 creatures vanquished.

Vanquished Creatures (others)
  A slave (D:6)
  2 fungi
  2 plants (Lair:1)
5 creatures vanquished.

Grand Total: 526 creatures vanquished

Notes
Turn   | Place    | Note
-------+----------+-------------------------------------------
     0 | D:1      | Jraekied the Demonspawn Gladiator began the quest for the Orb.
     0 | D:1      | Reached XP level 1. HP: 16/16 MP: 1/1
   454 | D:1      | Gained mutation: You are partially covered in sharp spines. [demonic ancestry]
   454 | D:1      | Reached XP level 2. HP: 18/23 MP: 2/2
  1264 | D:2      | Gained mutation: You are partially covered in slimy green scales. (AC +2) [demonic ancestry]
  1264 | D:2      | Reached XP level 3. HP: 28/28 MP: 3/3
  1784 | D:3      | Reached XP level 4. HP: 10/35 MP: 4/4
  2151 | D:3      | Gained mutation: You are mostly covered in slimy green scales. (AC +3) [demonic ancestry]
  2151 | D:3      | Reached XP level 5. HP: 27/42 MP: 5/5
  2978 | D:4      | Gained mutation: You possess an exceptional clarity of mind. [potion of beneficial mutation]
  3200 | D:4      | Noticed an ogre
  3207 | D:4      | Killed an ogre
  3207 | D:4      | Reached XP level 6. HP: 48/48 MP: 6/6
  3213 | D:5      | Entered Level 5 of the Dungeon
  3358 | D:5      | Noticed an ice beast
  3367 | D:5      | Killed an ice beast
  3367 | D:5      | Reached skill level 5 in Long Blades
  3390 | D:5      | Reached XP level 7. HP: 54/54 MP: 7/7
  3414 | D:5      | Found a staircase to the Ecumenical Temple.
  3438 | Temple   | Entered the Ecumenical Temple
  3652 | Temple   | Became a worshipper of Warmaster Okawaru
  3711 | D:5      | You fall through a shaft!
  4063 | D:6      | Noticed Blork the orc
  4075 | D:6      | Killed Blork the orc
  4139 | D:6      | Noticed Aviraven's ghost (novice DrAE)
  4174 | D:6      | Killed Aviraven's ghost
  4174 | D:6      | Reached * piety under Okawaru
  4174 | D:6      | Reached skill level 5 in Throwing
  4174 | D:6      | Gained mutation: You regenerate a little health from kills. [demonic ancestry]
  4174 | D:6      | Reached XP level 8. HP: 28/60 MP: 8/8
  4264 | D:6      | Reached ** piety under Okawaru
  4264 | D:6      | Reached skill level 1 in Invocations
  4334 | D:6      | Noticed Pikel
  4347 | D:6      | Killed Pikel
  4347 | D:6      | Reached *** piety under Okawaru
  4347 | D:6      | Reached skill level 5 in Fighting
  4397 | D:6      | Gained mutation: You are mostly covered in sharp spines. [demonic ancestry]
  4397 | D:6      | Reached XP level 9. HP: 68/68 MP: 13/13
  4398 | D:6      | Noticed Menkaure
  4409 | D:6      | Killed Menkaure
  4637 | D:6      | Reached skill level 1 in Armour
  4686 | D:6      | Found a runed door.
  4817 | D:6      | Noticed Dowan
  4818 | D:6      | Noticed Duvessa
  4823 | D:6      | Got a tiger eye-encrusted leather armour
  4828 | D:6      | Identified the +3 leather armour of Irolluc {rElec Int+4} (You found it on level 6 of the Dungeon)
  4876 | D:6      | Killed Duvessa
  4883 | D:6      | Killed Dowan
  5158 | D:6      | Noticed Crazy Yiuf
  5161 | D:6      | Killed Crazy Yiuf
  5433 | D:7      | Reached **** piety under Okawaru
  5437 | D:7      | Got a pair of shimmering gloves
  5443 | D:7      | Identified the cursed +0 pair of gloves of Vyhuhol {+Blink rElec Dex+2} (You found it on level 7 of the Dungeon)
  6020 | D:7      | Noticed an ice statue
  6244 | D:8      | Noticed Maurice
  6508 | D:8      | Reached skill level 5 in Armour
  6522 | D:8      | Gained mutation: You regenerate health from kills. [demonic ancestry]
  6522 | D:8      | Reached XP level 10. HP: 72/74 MP: 15/15
  6538 | D:8      | Received a gift from Okawaru
  6627 | D:8      | Noticed Gastronok
  6630 | D:8      | Noticed Erica
  6653 | D:8      | HP: 1/74 [something/orb of energy (28)]
  7333 | D:9      | Found a staircase to the Lair.
  7342 | D:9      | Reached ***** piety under Okawaru
  7482 | D:9      | Reached skill level 5 in Dodging
  8223 | Lair:1   | Entered Level 1 of the Lair of Beasts
  8266 | Lair:1   | Noticed a spiny frog
  8278 | Lair:1   | Killed a spiny frog
  8505 | Lair:1   | Received a gift from Okawaru
  8552 | Lair:1   | Noticed a spiny frog
  8562 | Lair:1   | Killed a spiny frog
  8608 | Lair:1   | Gained mutation: You have large cloven feet. [demonic ancestry]
  8608 | Lair:1   | Reached XP level 11. HP: 74/80 MP: 16/16
  8688 | Lair:1   | Noticed a catoblepas
  8724 | Lair:1   | Killed a catoblepas
  8724 | Lair:1   | Reached skill level 10 in Long Blades
  8882 | Lair:1   | Noticed Nergalle
  8894 | Lair:1   | Killed Nergalle
  8894 | Lair:1   | Reached skill level 1 in Bows
  9306 | Lair:2   | Reached skill level 2 in Bows
  9444 | Lair:2   | Received a gift from Okawaru
  9464 | Lair:2   | Reached skill level 3 in Bows
  9864 | Lair:2   | Found a hole to the Spider Nest.
  9877 | Lair:2   | Reached skill level 4 in Bows
  9890 | Lair:2   | Received a gift from Okawaru
  9891 | Lair:2   | Got an ancient longbow {god gift}
  9892 | Lair:2   | Identified the +10 longbow of Atheism {flame, rElec rC- Int+7 Dex+3} (Okawaru gifted it to you on level 2 of the Lair of Beasts)
 10075 | Lair:2   | Noticed a six-headed hydra
 10084 | Lair:2   | Killed a six-headed hydra
 10084 | Lair:2   | Reached skill level 5 in Bows
 10392 | Lair:2   | Found a staircase to the Shoals.
 10735 | Lair:3   | Reached skill level 6 in Bows
 10738 | Lair:3   | Identified 2 scrolls of acquirement
 10837 | Lair:3   | Reached ****** piety under Okawaru
 10838 | Lair:3   | Received a gift from Okawaru
 10917 | Lair:3   | Gained mutation: You have hoof-like feet. [demonic ancestry]
 10917 | Lair:3   | Reached XP level 12. HP: 94/94 MP: 17/17
 10936 | Lair:3   | Reached skill level 7 in Bows
 10984 | Lair:3   | Found a frozen archway.
 11033 | IceCv    | Entered an ice cave
 11294 | Lair:3   | Reached skill level 8 in Bows
 12154 | Lair:4   | Received a gift from Okawaru
 12186 | Lair:4   | Reached skill level 1 in Evocations
 12391 | Lair:4   | Identified the cursed +0 leather armour of Ymiosoc {Dex+2} (You found it on level 4 of the Lair of Beasts)
 12879 | Lair:5   | Reached skill level 9 in Bows
 12887 | Lair:5   | Received a gift from Okawaru
 13028 | Lair:5   | Found a staircase to the Slime Pits.
 13282 | Lair:5   | Received a gift from Okawaru
 13290 | Lair:5   | Got a flickering silver ring
 13303 | Lair:5   | Identified the ring "Liamyu" {rElec rPois Str+2 Stlth+} (You found it on level 5 of the Lair of Beasts)
 13326 | Lair:5   | Noticed a catoblepas
 13352 | Lair:5   | Killed a catoblepas
 13381 | Lair:5   | You fall through a shaft!
 13381 | Lair:6   | Entered Level 6 of the Lair of Beasts
 13391 | Lair:6   | Reached skill level 10 in Bows
 13392 | Lair:6   | Received a gift from Okawaru
 13466 | Lair:6   | Noticed a death yak
 13466 | Lair:6   | Noticed a death yak
 13469 | Lair:6   | Noticed a death yak
 13479 | Lair:6   | Killed a death yak
 13480 | Lair:6   | Noticed a death yak
 13480 | Lair:6   | Noticed a death yak
 13486 | Lair:6   | Noticed a death yak
 13487 | Lair:6   | Noticed a death yak
 13491 | Lair:6   | Killed a death yak
 13491 | Lair:6   | Gained mutation: You regenerate a lot of health from kills. [demonic ancestry]
 13491 | Lair:6   | Reached XP level 13. HP: 97/101 MP: 18/18
 13516 | Lair:6   | Reached skill level 5 in Evocations
 13524 | Lair:6   | Reached skill level 11 in Bows
 13971 | Lair:5   | Got a slimy turquoise ring
 13972 | Lair:5   | Identified the ring of Dixzegej {rC+ Int+6} (You acquired it on level 5 of the Lair of Beasts)
 14596 | D:10     | Entered Level 10 of the Dungeon
 15377 | D:11     | Received a gift from Okawaru
 15720 | D:11     | Received a gift from Okawaru
 15721 | D:11     | Got a twisted longbow {god gift}
 15722 | D:11     | Identified the +0 longbow of Jihir {flame, rPois Dex+2} (Okawaru gifted it to you on level 11 of the Dungeon)
 16124 | D:12     | Found a staircase to the Orcish Mines.
 16128 | Orc:1    | Entered Level 1 of the Orcish Mines
 16128 | Orc:1    | Noticed AlphabetPasta's ghost (journeyman OpFE)
 16138 | Orc:1    | Killed AlphabetPasta's ghost
 16461 | Orc:1    | Reached skill level 12 in Bows
 16649 | Orc:1    | Received a gift from Okawaru
 16797 | Orc:2    | Entered Level 2 of the Orcish Mines
 16854 | Orc:2    | Found a staircase to the Elven Halls.
 17069 | Orc:2    | Received a gift from Okawaru
 17214 | Orc:2    | Found a roughly hewn altar of Beogh.
 17290 | Orc:2    | Noticed an orc warlord
 17314 | Orc:2    | Found a roughly hewn altar of Beogh.
 17366 | Orc:2    | Gained mutation: Your flesh is cold resistant. (rC+) [demonic ancestry]
 17366 | Orc:2    | Reached XP level 14. HP: 108/108 MP: 13/19
 17393 | Orc:2    | Slain by an orc warrior

Vault maps used:
D:1:      wheals_arrival_linesprint, minmay_misc_feat_iff
D:3:      first_bread, nicolae_underground_beach
D:5:      minmay_misc_feat_pillars, glass_columns_b
D:6:      uniq_duvessa, uniq_menkaure, uniq_crazy_yiuf_cottage,
          uniq_blork_the_orc, uniq_pikel
D:7:      lemuel_ice_statue
D:8:      grunt_livestock, uniq_erica, uniq_gastronok, uniq_maurice
D:9:      grunt_lair_entry_orc_guard_hut
D:12:     evilmike_diamond_2, orc_0_dummy
Temple:   minmay_crystal_snake_temple
Lair:1:   wad_woods_river_01, infiniplex_staircase_pool_2, uniq_nergalle
Lair:2:   elwin_shoals_entry_rooms, spider_nest_entry_a, grunt_megastairs_4,
          infiniplex_staircase_pool, lemuel_fruit_tree
Lair:3:   portal_ice_cave_entry_imps, grunt_megastairs_1
Lair:4:   serial_bayou_shore_a
Lair:5:   slime_dummy, grunt_megastairs_5, minmay_lair_oklob_chamber
Lair:6:   gammafunk_lair_ancient_temple, serial_bayou_shore_b,
          grunt_megastairs_2
Orc:1:    nicolae_orc_accident_1
Orc:2:    grunt_orc_community_town_hall, grunt_orc_community_big_house_2,
          grunt_orc_community_big_house_1, grunt_orc_community_house_3,
          grunt_orc_community_house_2, grunt_orc_community_house_1,
          grunt_orc_community_house_1, uniq_saint_roka
IceCv:    ice_cave_statue_garden_teleport

Skill      XL: |  1  2  3  4  5  6  7  8  9 10 11 12 13 |
---------------+----------------------------------------+-----
Long Blades    | 3 4 5 6 8 9 10 | 10.1
Fighting       | 3 4 5 8 9 |  9.2
Dodging        | 3 7 |  7.9
Throwing       | 2 3 5 |  5.4
Invocations    | 6 7 |  7.0
Armour         | 5 6 |  6.4
Bows           | 6 10 12 | 12.4
Evocations     | 4 7 |  7.8

Action                   |  1- 3 |  4- 6 |  7- 9 | 10-12 | 13-15 || total
-------------------------+-------+-------+-------+-------+-------++-------
Melee: Long sword        |    86 |    81 |   251 |   373 |    15 ||   806
       Unarmed           |       |       |     3 |       |       ||     3
       Punch             |       |       |     1 |     3 |       ||     4
       Longbow           |       |       |       |       |     1 ||     1
 Fire: Longbow           |       |       |       |   222 |   483 ||   705
Throw: Tomahawk          |       |     4 |     6 |    10 |       ||    20
       Throwing net      |       |     1 |       |       |       ||     1
Invok: Heroism           |       |       |     1 |     5 |     1 ||     7
       Finesse           |       |       |       |       |     1 ||     1
 Abil: Evoke Blink       |       |       |       |       |     1 ||     1
Evoke: Wand              |       |       |     2 |     1 |     4 ||     7
       Disc of storms    |       |       |       |       |     2 ||     2
  Use: Scroll            |       |    17 |     6 |    17 |    12 ||    52
       Potion            |       |     1 |     2 |     5 |     2 ||    10
 Stab: Distracted        |       |       |       |     1 |       ||     1
  Eat: Chunk             |     2 |     5 |     6 |     6 |     2 ||    21
       Beef jerky        |       |       |     1 |       |       ||     1
       Meat ration       |       |       |     1 |     3 |     2 ||     6
Armor: Leather armour    |    28 |     3 |    21 |    86 |    34 ||   172
       Ring mail         |       |    17 |    16 |       |       ||    33
Dodge: Dodged            |    73 |    71 |   202 |   460 |   176 ||   982
       Rpst.: Long sword |    28 |    23 |    57 |   107 |     7 ||   222
